Map: Winter Madness LE

Players

Henry

  • Race: Zerg Zerg
  • Spawn Location: 11:00

GhostRobo - Winner!

  • Race: Terran Terran
  • Spawn Location: 5:00

VOD

Have the link to the VOD?

Description

Time

  • Played on: Dec. 13, 2025, 4:13 p.m.
  • Length: 11:45
Show
View Real Time Build Order
Export as new Build Order

Henry Zerg 

Build Orders: Hatch First 

Get SALT Encoding   

  12  0:01  Drone  
  13  0:24  Drone  
  14  0:46  Hatchery  
  13  0:53  Extractor  
  12  0:57  Spawning Pool  
  11  1:05  Drone x2  
  11  1:09  Drone  
  14  1:19  Overlord  
  14  1:28  Overlord  
  14  1:38  Extractor  
  13  1:41  Drone  
  13  1:44  Queen  
  16  1:51  Drone  
  17  2:04  Drone  
  18  2:16  Drone  
  18  2:20  Queen  
  21  2:27  Drone x3  
  24  2:37  Queen  
  26  2:53  Drone x3  
  26  2:54  Evolution Chamber  
  28  3:08  Drone x3  
  31  3:15  Extractor  
  30  3:21  Drone x3  
  33  3:52  Drone x2  
  33  3:53  Drone  
  36  3:55  Overlord  
  36  3:57  Overlord  
  35  4:10  Drone  
  35  4:30  Zergling x10  
  35  4:31  Zergling x8  
  44  4:54  Drone x4  
  48  5:06  Zerg Ground Armor Level 1  
  48  5:14  Lair  
  48  5:17  Roach Warren  
  48  5:19  Hatchery  
  44  5:34  Zergling x2  
  44  5:35  Zergling x8  
  47  5:45  Zergling x8  
  47  5:47  Metabolic Boost  
  51  6:00  Drone x2  
  50  6:30  Zergling x4  
  50  6:31  Zergling x4  
  54  6:50  Queen  
  56  6:58  Extractor  
  56  7:00  Extractor, Zerg Missile Weapons Level 1  
  51  7:21  Zergling x2  
  51  7:22  Zergling x6  
  55  7:33  Baneling Nest  
  55  7:34  Spine Crawler  
  53  7:37  Spine Crawler  
  53  7:38  Drone x2  
  53  7:39  Spine Crawler, Drone x4  
  53  8:07  Queen  
  55  8:16  Queen  
  56  8:27  Drone  
  56  8:28  Drone  
  58  8:48  Overlord  
  58  8:49  Overlord  
  58  8:50  Infestation Pit  
  58  8:52  Overlord  
  58  8:53  Overlord  
  58  8:55  Overlord, Zerg Melee Weapons Level 1  
  57  8:57  Overlord  
  57  8:58  Overlord  
  57  9:05  Queen x2  
  51  9:21  Zergling x10  
  51  9:22  Zergling x4  
  57  9:24  Zergling x8  
  57  9:25  Zergling x12  
  57  9:26  Zergling x6  
  63  9:41  Queen x2  
  63  9:43  Zergling x6  
  63  9:44  Zergling x4  
  72  9:57  Centrifugal Hooks  
  68  10:01  Overlord  
  47  10:16  Queen  
  47  10:17  Roach  
  47  10:18  Roach x6  
  47  10:21  Roach x4  
  63  10:56  Spine Crawler  
  47  11:05  Infestor  
  47  11:06  Roach  
  47  11:07  Roach x2  
  42  11:14  Roach x4  
  42  11:15  Roach  
Show
View Real Time Build Order
Export as new Build Order

GhostRobo Terran - Winner!

Build Orders:  

Get SALT Encoding   

  12  0:01  SCV  
  13  0:18  Supply Depot  
  13  0:19  SCV  
  14  0:31  SCV  
  15  0:43  SCV  
  15  0:45  Barracks  
  16  0:52  Supply Depot  
  16  1:06  Refinery  
  16  1:22  SCV  
  17  1:29  Refinery  
  17  1:35  SCV  
  18  1:43  Barracks  
  18  1:47  SCV  
  19  1:53  Barracks Reactor  
  19  2:04  Supply Depot  
  19  2:11  Orbital Command  
  19  2:32  Reaper x2  
  19  2:34  Barracks Reactor  
  21  2:41  SCV  
  22  2:53  SCV  
  23  3:04  Reaper  
  23  3:05  SCV  
  25  3:14  Reaper x2  
  25  3:15  Reaper  
  25  3:17  SCV  
  29  3:29  SCV  
  30  3:37  Factory  
  30  3:38  Barracks  
  30  3:39  Barracks  
  30  3:46  Reaper  
  30  4:12  Reaper x3  
  33  4:18  Reaper  
  34  4:37  Factory Reactor  
  34  4:40  Barracks Reactor  
  34  4:44  Reaper x2  
  36  5:16  Reaper x3  
  36  5:18  Barracks Reactor  
  35  6:38  Hellion x2  
  39  6:50  Supply Depot  
  39  6:52  Supply Depot  
  39  6:53  Supply Depot  
  39  6:54  Supply Depot  
  39  6:55  Supply Depot  
  39  7:05  Reaper  
  39  7:12  Hellion x2, Reaper x4  
  39  7:14  Reaper x3  
  50  7:34  Hellion x2  
  54  7:37  Reaper  
  55  7:44  Reaper x4  
  55  7:46  Reaper x3  
  62  7:55  Hellion x2  
  55  8:09  Reaper  
  56  8:16  Reaper  
  56  8:17  Hellion x2  
  53  8:38  Hellion x2  
  53  8:39  Command Center  
  57  8:45  Barracks  
  57  8:48  Marine x8  
  58  8:53  Barracks  
  65  9:06  Marine x8  
  73  9:23  Marine  
  73  9:24  Marine x5  
  73  10:24  Marine x7  
  79  10:43  Marine  
  79  10:55  Marine  
  79  10:57  Marine  
  79  11:03  Marine  
  79  11:04  Marine x2  
  79  11:05  Marine x3  
  79  11:07  Hellion  
  75  11:13  Marine  
  75  11:15  Marine  
  71  11:21  Marine  
  71  11:22  Marine x2  
  71  11:23  Marine x3  
Tags
 
Add a new tag
Caveats
  • Supply blocks, unpowered buildings, or Contaminate may cause inaccurate times.
  • Supply counts are checked every 10 seconds.